 Dungeon Crawl Stone Soup version 0.26-a0-651-gb41185065b (webtiles) character file.

Game seed: 7537830722216843814

275 kae the Ruffian (level 6, -6/55 HPs)
             Began as a Naga Transmuter on Oct 30, 2020.
             Blown up by a hobgoblin (32 damage)
             ... with a disintegration bolt
             ... on level 3 of the Dungeon.
             The game lasted 00:02:13 (3562 turns).

kae the Ruffian (Naga Transmuter)                   Turns: 3562, Time: 00:02:13

Health: -6/55      AC:  2    Str: 14    XL:     6   Next: 25%
Magic:  7/10       EV: 20    Int: 13    God:
Gold:   124        SH:  0    Dex: 17    Spells: 7/11 levels left

rFire    . . .     SeeInvis +     - Unarmed
rCold    . . .     Faith    .   (shield currently unavailable)
rNeg     . . .     Spirit   .   (armour currently unavailable)
rPois    x         Reflect  .   (helmet currently unavailable)
rElec    .         Harm     .   (cloak currently unavailable)
rCorr    .         Rampage  .   (gloves currently unavailable)
MR       .....                  (no barding)
Stlth    ++........             (no amulet)
HPRegen  0.18/turn              (no ring)
MPRegen  0.12/turn              (no ring)

@: spider-form (expiring)
A: tiny, see invisible, spit poison 1, AC +2
a: Spit Poison, End Transformation


You were on level 3 of the Dungeon.
You were a venomous arachnid creature.
You visited 1 branch of the dungeon, and saw 3 of its levels.

You collected 124 gold pieces.

Inventory:

Armour
 a - a +0 robe (melded)
 i - a +0 pair of gloves (melded)
Jewellery
 d - an uncursed ring of protection from magic {unknown}
 g - an uncursed ring of flight {unknown}
Scrolls
 b - 2 scrolls of identify
 f - a scroll of teleportation {unknown}
 j - a scroll of enchant weapon {unknown}
 l - a scroll of random uselessness {unknown}
 m - a scroll of remove curse
Potions
 c - 2 potions of magic
 e - 2 potions of heal wounds {unknown}
 h - a potion of curing
 k - a potion of flight {unknown}


   Skills:
 + Level 2.7 Fighting
 + Level 2.7 Dodging
 + Level 4.1 Unarmed Combat
 + Level 3.0 Spellcasting
 + Level 3.2 Transmutations


You had 7 spell levels left.
You knew the following spells:

 Your Spells              Type           Power        Failure   Level
a - Beastly Appendage     Tmut           ##....       17%         1
b - Spider Form           Tmut/Pois      #.........   56%         3

Your spell library contained the following spells:

 Spells                   Type           Power        Failure   Level
 Wereblood                Tmut           ##......     22%         2
 Ice Form                 Ice/Tmut       #.......     89%         4
 Blade Hands              Tmut           ##........   95%         5


Dungeon Overview and Level Annotations

Branches:
Dungeon (3/15)

Altars:
Ashenzari


Innate Abilities, Weirdness & Mutations

You cannot wear boots.
((Your serpentine skin is tough. (AC +2)))
You have supernaturally acute eyesight. (SInv)
((Armour fits poorly on your strangely shaped body.))
((Your system is resistant to poisons. (rPois)))
((You cover ground very slowly.))
You can spit poison.


Message History

The orc moves out of view.
Casting: Beastly Appendage (safe; 6% risk of failure)
Confirm with . or Enter, or press ? or * to list all spells.
Your horns disappear.
You turn into a venomous arachnid creature.
Your +0 pair of gloves melds into your body.
Your +0 robe melds into your body.
An orc comes into view. It is wielding a +0 short sword.
An orc comes into view. It is wielding a +0 flail.
The orc shouts!
The hobgoblin hits you with a +0 club.
You hit the hobgoblin.
The hobgoblin is poisoned.
The hobgoblin is moderately wounded.
The hobgoblin completely misses you.
You barely miss the hobgoblin.
The hobgoblin is almost dead.
Your transformation is almost over.
The orc barely misses you.
The hobgoblin zaps a wand.
You are blasted!
Ouch! That really hurt!
You die...

# ##.....####### ...
#.##......#####
...#####.##..........#
................#.#..##
...............#...#..##
..........#.............
.........##.###..).####.
#.........#⌠..#+##.⌠..
.##gs....#.........#.
#...o#..####.......#.#
.....o##.#...........#..
...... #.#...+..._...+..
..... ..#...#..........
..... #..##.##........##
.... #... .#.........#.
.... #... .#⌠.##'##.⌠#.
### .###....####.


You could see 2 orcs and a hobgoblin (very poisoned).

Vanquished Creatures
  Purgy (D:3)
  Jessica (D:2)
  3 gnolls
  5 adders
  2 oozes (D:1)
  A dart slug (D:1)
  2 worms (D:2)
  3 leopard geckos
  3 giant cockroaches
  7 goblins
  11 hobgoblins
  7 jackals
  2 ball pythons (D:2)
  8 bats
  A frilled lizard (D:1)
  4 kobolds
  A rat (D:1)
62 creatures vanquished.

Notes
Turn   | Place    | Note
-------+----------+-------------------------------------------
     0 | D:1      | kae the Naga Transmuter began the quest for the Orb.
     0 | D:1      | Reached XP level 1. HP: 18/18 MP: 3/3
   228 | D:1      | Reached XP level 2. HP: 18/25 MP: 3/5
   671 | D:1      | Reached XP level 3. HP: 30/31 MP: 4/6
   676 | D:1      | Learned a level 3 spell: Spider Form
  1696 | D:2      | Reached XP level 4. HP: 39/39 MP: 3/7
  2350 | D:2      | Noticed Jessica
  2357 | D:2      | Killed Jessica
  2387 | D:2      | Reached XP level 5. HP: 31/45 MP: 6/9
  3305 | D:3      | Found a broken altar of Ashenzari.
  3306 | D:3      | Noticed Purgy
  3326 | D:3      | Killed Purgy
  3326 | D:3      | Reached skill level 4 in Unarmed Combat
  3326 | D:3      | Reached XP level 6. HP: 18/55 MP: 2/10
  3562 | D:3      | Blown up by a hobgoblin

Illustrated notes

Levels and vault maps discovered:
D:1:      lightli_arrival_statuegarden, layout_loops_corners
D:2:      layout_basic, uniq_jessica
D:3:      layout_rooms, evilmike_ruin_ashenzari, uniq_purgy

Skill      XL: |  1  2  3  4  5 |
---------------+----------------+-----
Dodging        | 2 |  2.7
Fighting       | 2 |  2.7
Unarmed Combat | 4 |  4.1
Spellcasting   | 3 |  3.0
Transmutations | 3 |  3.2

Action                   |  1- 3 |  4- 6 || total
-------------------------+-------+-------++-------
Melee: Unarmed           |    72 |    98 ||   170
       Headbutt          |    13 |     4 ||    17
       Punch             |     1 |       ||     1
 Cast: Beastly Appendage |    17 |    13 ||    30
       Spider Form       |     2 |    10 ||    12
 Abil: Spit Poison       |    10 |     3 ||    13
  Use: Scroll            |     3 |       ||     3
       Potion            |     1 |       ||     1
 Stab: Sleeping          |       |     1 ||     1
Armor: Robe              |    20 |    16 ||    36
       Skin              |       |     4 ||     4
Dodge: Dodged            |    48 |   115 ||   163

Table legend: (Time is in decaauts)
 A = Elapsed time spent in this place.
 B = Non-inter-level travel time spent in this place.
 C = Inter-level travel time spent in this place.
 D = Time resting spent in this place.
 E = Time spent auto-exploring this place.
 F = Levels seen in this place.
 G = Mean time per level.
                   A        B        C        D        E       F      G
               +--------+--------+--------+--------+--------+-----+--------+
         Total |   4136 |   4086 |     50 |    368 |   3234 |   3 | 1378.7 |
       Dungeon |   4136 |   4086 |     50 |    368 |   3234 |   3 | 1378.7 |
               +--------+--------+--------+--------+--------+-----+--------+

Top non-repeatable levels by time:
     D:1: 1832 daAuts
     D:2: 1696 daAuts
     D:3: 606 daAuts
